 Dungeon Crawl Stone Soup version 0.26.0-10-g1f06aea511 (webtiles) character file.

Game seed: 13880392533388078431

33 Borgoz the Slasher (level 3, -9/30 HPs)
             Began as a Ghoul Gladiator on Jan 15, 2021.
             Mangled by Sigmund
             ... wielding a +0 scythe of flaming
              (10 damage)
             ... on level 2 of the Dungeon.
             The game lasted 00:01:10 (661 turns).

Borgoz the Slasher (Ghoul Gladiator)                 Turns: 661, Time: 00:01:11

Health: -9/30      AC:  4    Str: 17    XL:     3   Next: 29%
Magic:  2/2        EV: 12    Int:  3    God:
Gold:   72         SH:  0    Dex: 11    Spells: 2/2 levels left

rFire    . . .     SeeInvis .   a - +0 long sword
rCold    + . .     Faith    .   (no shield)
rNeg     + + +     Spirit   .   b - +0 leather armour
rPois    ∞         Reflect  .   c - +0 helmet
rElec    .         Harm     .   (no cloak)
rCorr    .         Rampage  .   (no gloves)
Will     .....                  (no boots)
Stlth    +.........             (no amulet)
HPRegen  0.00/turn              (no ring)
MPRegen  0.08/turn              (no ring)

@: attractive, flying
A: claws 1, cold resistance 1, negative energy resistance 3, inhibited
regeneration, torment resistance, unbreathing
a: no special abilities


You were on level 2 of the Dungeon.
You visited 1 branch of the dungeon, and saw 2 of its levels.

You collected 72 gold pieces.

Inventory:

Hand Weapons
 a - a +0 long sword (weapon)
Missiles
 d - 3 throwing nets (quivered)
Armour
 b - a +0 leather armour (worn)
 c - a +0 helmet (worn)
Scrolls
 e - 2 scrolls of teleportation {unknown}
 f - a scroll of remove curse {unknown}
 g - 2 scrolls of identify {unknown}
 i - a scroll of enchant armour {unknown}
 l - a scroll of magic mapping {unknown}
 m - a scroll of immolation {unknown}
Potions
 h - a potion of heal wounds {unknown}
 j - 2 potions of attraction


   Skills:
 + Level 2.6 Fighting
 * Level 3.1 Long Blades
 - Level 1.7 Throwing
 * Level 1.1 Armour
 + Level 2.9 Dodging


You had 2 spell levels left.
You didn't know any spells.
Your spell library was empty.

Dungeon Overview and Level Annotations

Branches:
Dungeon (2/15)

Altars:

Annotations:
D:2 Sigmund


Innate Abilities, Weirdness & Mutations

You thrive by killing the living.
You are immune to poison.
You have sharp fingernails.
Your flesh is cold resistant. (rC+)
You are immune to negative energy. (rN+++)
You do not regenerate when monsters are visible.
You are immune to unholy pain and torment.
You can survive without breathing.


Message History

A bat comes into view.
You miss something. Something hits you. Something burns you.
It was a potion of attraction.
You feel attractive to monsters. Something hits you.
* * * LOW HITPOINT WARNING * * *
Something burns you.
* * * LOW HITPOINT WARNING * * *
The bat is pulled toward you!
It was a potion of flight.
You feel very buoyant.
You fly up into the air.
The bat hits you but does no damage. The bat is pulled toward you!
The bat hits you but does no damage. Something hits you.
* * * LOW HITPOINT WARNING * * *
Something burns you.
* * * LOW HITPOINT WARNING * * *
Something is pulled toward you! The bat hits you but does no damage.
Something hits you!
You die...

#.......#
######.......########
...............>.....
.....#.......#######.
.>.........#
####.........####
.......###......#
.#<#.#####.# ##.##
#@# ### ##.## #b..#
#.....# #.(.......
#...........
#.#.........
#.##..##.(.# #. ##.#
...#


You could see a bat.

Vanquished Creatures
  An ooze (D:1)
  2 dart slugs (D:1)
  A leopard gecko (D:1)
  2 bats (D:1)
  2 goblins (D:1)
  2 hobgoblins (D:1)
  4 jackals (D:1)
  3 frilled lizards (D:1)
  2 kobolds (D:1)
  6 rats (D:1)
25 creatures vanquished.

Notes
Turn   | Place    | Note
-------+----------+-------------------------------------------
     0 | D:1      | Borgoz the Ghoul Gladiator began the quest for the Orb.
     0 | D:1      | Reached XP level 1. HP: 17/17 MP: 0/0
    71 | D:1      | Reached XP level 2. HP: 25/25 MP: 1/1
   111 | D:1      | Reached skill level 3 in Long Blades
   384 | D:1      | Reached skill level 1 in Armour
   395 | D:1      | Reached XP level 3. HP: 26/30 MP: 2/2
   647 | D:2      | Noticed Sigmund
   660 | D:2      | HP: 1/30 [something (1)]
   661 | D:2      | Mangled by Sigmund

Illustrated notes

Levels and vault maps discovered:
D:1:      amcnicky_arrival_single_pillar, layout_rooms
D:2:      minmay_inner_zag, layout_loops_ring, pdpol_wu_jian_five_deadly_venoms,
          uniq_sigmund

Skill      XL: |  1  2 |
---------------+-------+-----
Long Blades    | 3 |  3.1
Armour         | 1 |  1.1
Fighting       | |  2.6
Throwing       | |  1.7
Dodging        | |  2.9

Action                   || total
-------------------------++-------
Melee: Long sword        ||    70
  Use: Potion            ||     2
Armor: Leather armour    ||    41
Dodge: Dodged            ||    70
       Rpst.: Long sword ||    20
